 Dungeon Crawl Stone Soup version 0.22-a0-159-g7ce444fdad (webtiles) character file.

23265 MrRokkomies the Thaumaturge (level 13, -1/98 HPs)
             Began as a Gnoll Venom Mage on Feb 10, 2018.
             Was a High Priest of Wu Jian.
             Slain by Rupert
             ... wielding a +6 triple sword of pain
              (18 damage)
             ... while paralysed by Rupert
             ... on level 4 of the Lair of Beasts.
             The game lasted 01:01:38 (14122 turns).

MrRokkomies the Thaumaturge (Gnoll Venom Mage)     Turns: 14122, Time: 01:01:38

Health: -1/98      AC:  8    Str: 11    XL:     13   Next: 5%
Magic:  24/26      EV:  2    Int: 21    God:    Wu Jian [*****.]
Gold:   701        SH:  0    Dex: 21    Spells: 14/30 levels left

rFire    + + .     SeeInvis .   a - +5 dagger (venom)
rCold    . . .     Gourm    .   H - +0 buckler
rNeg     . . .     Faith    .   p - +1 robe
rPois    +         Spirit   .   x - +1 helmet
rElec    .         Reflect  .   A - +1 cloak "Hosak" {rF++}
rCorr    .         Harm     .   (no gloves)
MR       .....                  (no boots)
Stlth    ++++......             (no amulet)
HPRegen  0.26/turn              t - +4 ring of dexterity
MPRegen  0.20/turn              O - ring of poison resistance

@: paralysed
A: distributed training, fangs 1, strong nose
a: Wall Jump, Serpent's Lash, Heavenly Storm, Renounce Religion


You were on level 4 of the Lair of Beasts.
You worshipped Wu Jian.
Wu Jian was extremely pleased with you.
You were not hungry.

You visited 2 branches of the dungeon, and saw 15 of its levels.

You collected 701 gold pieces.

Inventory:

Hand Weapons
 a - a +5 dagger of venom (weapon)
 b - a +2 hunting sling of freezing
 m - a +1 short sword of draining
 D - a +0 blowgun
Missiles
 d - 145 stones (quivered)
 f - 9 curare-tipped needles
 l - 78 sling bullets
 w - 6 javelins
 B - 8 needles of frenzy
 E - 14 poisoned needles
 J - 8 needles of confusion
Armour
 p - a +1 robe (worn)
 x - a +1 helmet (worn)
 A - the +1 cloak "Hosak" (worn) {rF++}
   (You found it on level 6 of the Dungeon)

   It greatly protects you from fire.
 H - a +0 buckler (worn)
Magical Staves
 h - an uncursed staff of summoning
 K - an uncursed staff of air
 N - an uncursed staff of earth
Jewellery
 g - an uncursed ring of ice
 k - an uncursed ring of resist corrosion
 o - an uncursed ring of positive energy
 t - a +4 ring of dexterity (left hand)
 z - a +1 ring of slaying
 C - an uncursed ring of flight
 O - a ring of poison resistance (right hand)
Wands
 n - a wand of iceblast (3)
 y - a wand of enslavement (1)
 G - a wand of clouds (3)
 L - a wand of disintegration (14)
 Q - a wand of digging (17)
Scrolls
 q - 2 scrolls of amnesia
 s - 3 scrolls of magic mapping
 u - 4 scrolls of remove curse
 v - a scroll of immolation
Potions
 e - 3 potions of flight
 i - a potion of resistance
 j - 2 potions of haste
 r - 2 potions of might
 I - a potion of ambrosia
 M - a potion of brilliance
 P - a potion of magic
Comestibles
 c - 18 rations


   Skills:
 + Level 7.7 Fighting
 + Level 7.7 Short Blades
 + Level 7.7 Long Blades
 + Level 7.7 Axes
 + Level 7.7 Maces & Flails
 + Level 7.7 Polearms
 + Level 7.7 Staves
 + Level 7.7 Slings
 + Level 7.7 Bows
 + Level 7.7 Crossbows
 + Level 7.7 Throwing
 + Level 7.7 Armour
 + Level 9.1 Dodging
 + Level 8.9 Stealth
 + Level 7.7 Shields
 + Level 7.7 Unarmed Combat
 + Level 9.3 Spellcasting
 + Level 6.8 Conjurations
 + Level 6.4 Hexes
 + Level 6.4 Charms
 + Level 6.4 Summonings
 + Level 6.4 Necromancy
 + Level 6.4 Translocations
 + Level 6.4 Transmutations
 + Level 6.4 Fire Magic
 + Level 6.4 Ice Magic
 + Level 6.4 Air Magic
 + Level 6.4 Earth Magic
 + Level 8.5 Poison Magic
 + Level 8.5 Invocations
 + Level 7.7 Evocations


You had 14 spell levels left.
You knew the following spells:

 Your Spells              Type           Power        Failure   Level  Hunger
a - Venom Bolt            Conj/Pois      #####.....   8%          5    #####..
b - Poisonous Vapours     Pois/Air       #####.       1%          2    None
c - Mephitic Cloud        Conj/Pois/Air  #####...     1%          3    None
d - Olgreb's Toxic Radia  Pois           #####...     1%          4    ##.....
e - Throw Flame           Conj/Fire      #####.       1%          2    None


Dungeon Overview and Level Annotations

Branches:
Dungeon (11/15)            Temple (0/1) D:4            Lair (4/6) D:8
 Shoals (0/4) Lair:3        Snake (0/4) Lair:4
    Orc: D:9-12

Altars:
Elyvilon
Hepliaklqana
Kikubaaqudgha
Qazlal
Wu Jian
Zin

Annotations:
D:4 WhatIsLove's ghost, amateur HOMo
D:6 1 runed door
Lair:1 exclusion: oklob plant
Lair:4 Rupert


Innate Abilities, Weirdness & Mutations

Your experience applies equally to all skills.
You have very sharp teeth.
Your uncanny sense of smell can sniff out nearby items.


Message History

Confirm with . or Enter, or press ? or * to list all spells.
Aiming: Mephitic Cloud (safe; 1% risk of failure)
Press: ? - help, Shift-Dir - straight line The ball explodes into a vile cloud!
The stinking cloud engulfs Rupert.
Rupert is engulfed in noxious fumes.
Rupert yells loudly at you.
You suddenly lose the ability to move!
Rupert is engulfed in noxious fumes.
Rupert roars madly and goes into a rage!
Rupert goes berserk!
Rupert is engulfed in noxious fumes.
Rupert hits you with a triple sword of pain!!!
You writhe in agony.
Rupert is engulfed in noxious fumes.
Rupert completely misses you.
Rupert hits you with a triple sword of pain!!
* * * LOW HITPOINT WARNING * * *
You writhe in agony.
* * * LOW HITPOINT WARNING * * *
Rupert hits you with a triple sword of pain!!
You die...

..........#...#### #...##..###...
..............######....##.....#.
#.#...........##.#...#.#####. #
##....(...#.##.... ##...###
..................#.. ##.....##
...............≈...# #..≈.#..#
...................#####.....##
........P........≈...##.#...#.#
............§@@....≈.##..###..#
.............r.......##......≈#
....##.....§.........##.......#
.............###.#..P..#
............#.#.#....P..
........................
........................
..................P####.
........#..#.### .


You could see Rupert (berserk) and a porcupine.

Vanquished Creatures
  Kirke (Lair:4)
  A hydra (Lair:2)
  A two-headed ogre (D:8)
  A death yak (Lair:4)
  6 spiny frogs
  A manticore (D:11)
  An elephant (Lair:4)
  4 black mambas
  A torpor snail (Lair:4)
  6 komodo dragons
  A queen bee (Lair:4)
  3 meliai (Lair:4)
  A polar bear (Lair:4)
  10 blink frogs
  4 hippogriffs
  3 wyverns (D:8)
  10 yaks
  Eustachio (D:5)
  A hungry ghost (D:11)
  4 basilisks
  4 hogs (Lair:4)
  2 steam dragons (Lair:4)
  4 porcupines
  6 water moccasins
  A sky beast (D:6)
  A swamp drake (D:8)
  A black bear (D:8)
  2 centaurs
  A phantom (D:6)
  17 wolves
  5 ogres
  8 crocodiles
  A big kobold (D:7)
  11 bullfrogs
  2 scorpions
  33 killer bees
  2 electric eels (Lair:1)
  4 howler monkeys
  A bullfrog zombie (D:5)
  2 jellies
  An orc priest (D:11)
  Crazy Yiuf (D:3)
  5 hounds
  4 bullfrog skeletons
  An orc wizard (D:7)
  2 worker ants (D:11)
  A killer bee zombie (D:6)
  2 ogre zombies (D:11)
  A hound skeleton (D:6)
  A howler monkey zombie (D:6)
  3 gnolls (D:9)
  A howler monkey skeleton (D:6)
  3 adders
  A shadow imp (D:5)
  An adder skeleton (D:7)
  An adder zombie (D:6)
  3 worms
  2 dart slugs
  4 leopard geckos
  11 orcs
  A ball python (D:1)
  5 bats
  4 giant cockroaches
  5 goblins
  8 hobgoblins
  6 jackals
  4 kobolds
  2 quokkas (D:6)
  A ball python skeleton (D:6)
  6 frilled lizards
  A giant cockroach zombie (D:6)
  A goblin skeleton (D:11)
  2 goblin zombies (D:11)
  A hobgoblin zombie (D:11)
  An orc skeleton (D:11)
  2 orc zombies (D:11)
  A quokka skeleton (D:6)
  3 rats
  A butterfly (D:4)
  A fungus (Lair:1)
274 creatures vanquished.

Vanquished Creatures (collateral kills)
  Sonja (Lair:1)
  A killer bee (Lair:4)
2 creatures vanquished.

Vanquished Creatures (others)
  4 fungi (Lair:4)
  3 plants
7 creatures vanquished.

Grand Total: 283 creatures vanquished

Notes
Turn   | Place    | Note
-------+----------+-------------------------------------------
     0 | D:1      | MrRokkomies the Gnoll Venom Mage began the quest for the Orb.
     0 | D:1      | Reached XP level 1. HP: 13/13 MP: 6/6
   140 | D:1      | Reached XP level 2. HP: 19/19 MP: 5/7
   144 | D:1      | Learned a level 2 spell: Poisonous Vapours
   893 | D:2      | Reached XP level 3. HP: 19/25 MP: 5/9
  1130 | D:2      | Reached skill level 5 in Spellcasting
  1493 | D:2      | Learned a level 3 spell: Mephitic Cloud
  1500 | D:3      | Found an ornate altar of the Wu Jian Council.
  1517 | D:3      | Became a worshipper of the Wu Jian Council
  1536 | D:3      | Reached skill level 1 in Invocations
  1639 | D:3      | Found a faded altar of an unknown god.
  1851 | D:3      | HP: 1/25 [hobgoblin/club (5)]
  1856 | D:3      | Reached skill level 1 in Fighting
  1856 | D:3      | Reached skill level 1 in Short Blades
  1856 | D:3      | Reached skill level 1 in Long Blades
  1856 | D:3      | Reached skill level 1 in Axes
  1856 | D:3      | Reached skill level 1 in Maces & Flails
  1856 | D:3      | Reached skill level 1 in Polearms
  1856 | D:3      | Reached skill level 1 in Staves
  1856 | D:3      | Reached skill level 1 in Slings
  1856 | D:3      | Reached skill level 1 in Bows
  1856 | D:3      | Reached skill level 1 in Crossbows
  1856 | D:3      | Reached skill level 1 in Throwing
  1856 | D:3      | Reached skill level 1 in Armour
  1856 | D:3      | Reached skill level 1 in Shields
  1856 | D:3      | Reached skill level 1 in Unarmed Combat
  1856 | D:3      | Reached skill level 1 in Evocations
  1858 | D:3      | Reached XP level 4. HP: 13/32 MP: 6/11
  2042 | D:3      | Found a runed door.
  2046 | D:3      | Noticed Crazy Yiuf
  2053 | D:3      | Killed Crazy Yiuf
  2120 | D:3      | Learned a level 4 spell: Olgreb's Toxic Radiance
  2186 | D:4      | Reached skill level 1 in Hexes
  2186 | D:4      | Reached skill level 1 in Charms
  2186 | D:4      | Reached skill level 1 in Summonings
  2186 | D:4      | Reached skill level 1 in Necromancy
  2186 | D:4      | Reached skill level 1 in Translocations
  2186 | D:4      | Reached skill level 1 in Transmutations
  2186 | D:4      | Reached skill level 1 in Fire Magic
  2186 | D:4      | Reached skill level 1 in Ice Magic
  2186 | D:4      | Reached skill level 1 in Air Magic
  2186 | D:4      | Reached skill level 1 in Earth Magic
  2200 | D:4      | Noticed WhatIsLove's ghost (amateur HOMo)
  2201 | D:4      | Reached XP level 5. HP: 36/37 MP: 12/12
  2204 | D:4      | Noticed an ogre
  2239 | D:5      | Entered Level 5 of the Dungeon
  2389 | D:4      | Reached XP level 6. HP: 28/44 MP: 13/13
  2448 | D:4      | Reached * piety under Wu Jian
  2553 | D:4      | Reached skill level 5 in Dodging
  2775 | D:4      | Found a staircase to the Ecumenical Temple.
  2854 | D:5      | Reached XP level 7. HP: 50/50 MP: 6/15
  3308 | D:5      | Noticed Eustachio
  3320 | D:5      | Killed Eustachio
  3320 | D:5      | Reached skill level 5 in Stealth
  3702 | D:6      | Got a warped cloak
  3713 | D:6      | Identified the +1 cloak "Hosak" {rF++} (You found it on level 6 of the Dungeon)
  3749 | D:6      | Reached XP level 8. HP: 57/57 MP: 16/16
  3756 | D:6      | Learned a level 5 spell: Venom Bolt
  3802 | D:6      | Found an ancient bone altar of Kikubaaqudgha.
  4019 | D:6      | Found a runed door.
  4019 | D:6      | Found a white marble altar of Elyvilon.
  4019 | D:6      | Noticed an angel
  4040 | D:6      | Reached ** piety under Wu Jian
  4047 | D:6      | Found a stormy altar of Qazlal.
  4237 | D:6      | Found a hazy altar of Hepliaklqana.
  4596 | D:7      | Identified the Compendium of Hurtful Bewitchment
  5090 | D:8      | You fall through a shaft for 3 floors!
  5166 | D:11     | Reached XP level 9. HP: 49/65 MP: 18/18
  5232 | D:11     | Noticed a manticore
  5255 | D:11     | Killed a manticore
  5379 | D:10     | Entered Level 10 of the Dungeon
  5640 | D:9      | Noticed a two-headed ogre
  5674 | D:9      | Noticed a two-headed ogre
  5930 | D:8      | Noticed a two-headed ogre
  5940 | D:8      | Killed a two-headed ogre
  5940 | D:8      | Reached skill level 5 in Invocations
  5947 | D:8      | Reached *** piety under Wu Jian
  5988 | D:8      | Reached XP level 10. HP: 73/73 MP: 10/20
  6232 | D:8      | Found a staircase to the Lair.
  6234 | D:8      | Reached skill level 5 in Fighting
  6234 | D:8      | Reached skill level 5 in Short Blades
  6234 | D:8      | Reached skill level 5 in Long Blades
  6234 | D:8      | Reached skill level 5 in Axes
  6234 | D:8      | Reached skill level 5 in Maces & Flails
  6234 | D:8      | Reached skill level 5 in Polearms
  6234 | D:8      | Reached skill level 5 in Staves
  6234 | D:8      | Reached skill level 5 in Slings
  6234 | D:8      | Reached skill level 5 in Bows
  6234 | D:8      | Reached skill level 5 in Crossbows
  6234 | D:8      | Reached skill level 5 in Throwing
  6234 | D:8      | Reached skill level 5 in Armour
  6234 | D:8      | Reached skill level 5 in Shields
  6234 | D:8      | Reached skill level 5 in Unarmed Combat
  6234 | D:8      | Reached skill level 5 in Evocations
  6238 | Lair:1   | Entered Level 1 of the Lair of Beasts
  6668 | Lair:1   | Noticed a black mamba
  6696 | Lair:1   | Killed a black mamba
  6836 | Lair:1   | Learned a level 2 spell: Throw Flame
  6861 | Lair:1   | Reached skill level 5 in Conjurations
  7305 | Lair:1   | Noticed a spiny frog
  7316 | Lair:1   | Noticed Sonja
  7375 | Lair:1   | Noticed an oklob plant
  7376 | Lair:1   | Reached XP level 11. HP: 45/81 MP: 10/22
  7398 | Lair:1   | Killed Sonja
  7428 | Lair:1   | Killed a spiny frog
  7428 | Lair:1   | HP: 5/121 [poisoned by a spiny frog]
  8102 | Lair:1   | Reached skill level 5 in Hexes
  8102 | Lair:1   | Reached skill level 5 in Charms
  8102 | Lair:1   | Reached skill level 5 in Summonings
  8102 | Lair:1   | Reached skill level 5 in Necromancy
  8102 | Lair:1   | Reached skill level 5 in Translocations
  8102 | Lair:1   | Reached skill level 5 in Transmutations
  8102 | Lair:1   | Reached skill level 5 in Fire Magic
  8102 | Lair:1   | Reached skill level 5 in Ice Magic
  8102 | Lair:1   | Reached skill level 5 in Air Magic
  8102 | Lair:1   | Reached skill level 5 in Earth Magic
  8140 | Lair:1   | HP: 4/81 [spiny frog (10)]
  8145 | Lair:1   | HP: 3/81 [poisoned by a spiny frog]
  8151 | Lair:1   | HP: 2/81 [poisoned by a spiny frog]
  8160 | Lair:1   | HP: 2/81 [poisoned by a spiny frog]
  9731 | Lair:2   | Noticed a five-headed hydra
  9877 | Lair:2   | Killed a five-headed hydra
 10332 | Lair:3   | Reached XP level 12. HP: 76/89 MP: 20/24
 10337 | Lair:3   | Reached **** piety under Wu Jian
 10715 | Lair:3   | Found a glowing silver altar of Zin.
 11387 | Lair:3   | Found a staircase to the Shoals.
 11664 | Lair:4   | Noticed Kirke
 11715 | Lair:4   | Killed Kirke
 12189 | Lair:4   | Noticed a death yak
 12886 | Lair:4   | Noticed Rupert
 13089 | Lair:4   | Killed a death yak
 13492 | Lair:4   | Found a staircase to the Snake Pit.
 13518 | Lair:4   | Reached XP level 13. HP: 41/98 MP: 18/26
 13794 | Lair:4   | Reached ***** piety under Wu Jian
 14118 | Lair:4   | Paralysed by Rupert for 7 turns
 14122 | Lair:4   | Slain by Rupert

Vault maps used:
D:1:      lemuel_arrival_river_ford
D:3:      nicolae_overflow_crystal_walls, chequers_ecumenical_altar_simple,
          first_ration, kennysheep_generic_room_7, uniq_crazy_yiuf_cottage
D:4:      minmay_temple_entry_butterflies
D:5:      grunt_decor_one_mirror, uniq_eustachio
D:6:      overflow_temple_1_default, grunt_qazlal_clouds, basic_altar,
          lemuel_angel_altar
D:8:      fedhas_altar_2, erik_lair_dragon, hangedman_pestilent_swarm,
          eino_small_chamber_without_monster
D:9:      nicolae_tso_carved_into_rock, grunt_temple_overflow_open, uniq_erica
D:11:     zombieorc2_lemuel
Lair:1:   lemuel_fruit_tree, serial_bayou_shore_a, minmay_lair_oklob_chamber,
          grunt_megastairs_2, serial_bayou_shore_b, uniq_sonja
Lair:2:   nicolae_volcano_entry_s_turn, minivault_19, serial_bayou_shore_b
Lair:3:   elwin_shoals_entry_rocks, basic_altar, ldierk_geyser,
          beast_lair_carwin_1
Lair:4:   regret_index_tunnel_blossom, uniq_rupert, uniq_kirke

Skill      XL: |  1  2  3  4  5  6  7  8  9 10 11 12 |
---------------+-------------------------------------+-----
Conjurations   | 2 3 4 5 6 |  6.8
Spellcasting   | 5 6 7 8 9 |  9.3
Invocations    | 1 2 3 4 5 6 7 8 |  8.5
Fighting       | 1 2 3 4 5 6 7 |  7.7
Short Blades   | 1 2 3 4 5 6 7 |  7.7
Long Blades    | 1 2 3 4 5 6 7 |  7.7
Axes           | 1 2 3 4 5 6 7 |  7.7
Maces & Flails | 1 2 3 4 5 6 7 |  7.7
Polearms       | 1 2 3 4 5 6 7 |  7.7
Staves         | 1 2 3 4 5 6 7 |  7.7
Slings         | 1 2 3 4 5 6 7 |  7.7
Bows           | 1 2 3 4 5 6 7 |  7.7
Crossbows      | 1 2 3 4 5 6 7 |  7.7
Throwing       | 1 2 3 4 5 6 7 |  7.7
Armour         | 1 2 3 4 5 6 7 |  7.7
Shields        | 1 2 3 4 5 6 7 |  7.7
Unarmed Combat | 1 2 3 4 5 6 7 |  7.7
Evocations     | 1 2 3 4 5 6 7 |  7.7
Hexes          | 1 2 3 4 5 6 |  6.4
Charms         | 1 2 3 4 5 6 |  6.4
Summonings     | 1 2 3 4 5 6 |  6.4
Necromancy     | 1 2 3 4 5 6 |  6.4
Translocations | 1 2 3 4 5 6 |  6.4
Transmutations | 1 2 3 4 5 6 |  6.4
Fire Magic     | 1 2 3 4 5 6 |  6.4
Ice Magic      | 1 2 3 4 5 6 |  6.4
Air Magic      | 1 2 3 4 5 6 |  6.4
Earth Magic    | 1 2 3 4 5 6 |  6.4
Dodging        | 5 6 7 8 9 |  9.1
Stealth        | 5 6 7 8 |  8.9
Poison Magic   | 6 7 8 |  8.5

Action                   |  1- 3 |  4- 6 |  7- 9 | 10-12 | 13-15 || total
-------------------------+-------+-------+-------+-------+-------++-------
Melee: Unarmed           |     5 |       |       |       |       ||     5
       Dagger            |    67 |    67 |   195 |   589 |    58 ||   976
       Bite              |     7 |     8 |    28 |    98 |     9 ||   150
       Morningstar       |    17 |     1 |       |       |       ||    18
       Spear             |    16 |       |       |       |       ||    16
       Punch             |       |       |     1 |       |       ||     1
       Short sword       |       |       |       |    69 |       ||    69
 Fire: Hunting sling     |       |       |    16 |    54 |       ||    70
       Blowgun           |       |       |       |     4 |       ||     4
 Cast: Sting             |    12 |       |       |       |       ||    12
       Poisonous Vapours |     8 |     6 |    13 |    26 |     1 ||    54
       Mephitic Cloud    |       |     3 |     7 |    10 |     1 ||    21
       Olgreb's Toxic Ra |       |       |     2 |    11 |       ||    13
       Throw Flame       |       |       |       |    19 |       ||    19
Invok: Lunge             |     1 |    10 |    19 |    13 |     3 ||    46
       Whirlwind         |       |       |     6 |    43 |       ||    49
       Wall Jump         |       |       |       |     7 |     1 ||     8
Evoke: Wand              |       |       |       |    14 |       ||    14
  Use: Scroll            |     7 |     3 |     9 |    10 |     2 ||    31
       Potion            |     1 |       |     1 |    12 |       ||    14
 Stab: Sleeping          |     7 |     2 |    15 |    11 |     1 ||    36
       Confused          |       |     2 |     3 |     8 |       ||    13
       Distracted        |       |       |       |       |     1 ||     1
  Eat: Chunk             |     2 |     4 |    13 |    12 |     1 ||    32
       Ration            |       |       |       |     4 |       ||     4
Armor: Robe              |    13 |     7 |    36 |    60 |     4 ||   120
       Skin              |       |       |       |     6 |       ||     6
Dodge: Dodged            |    86 |    29 |   113 |   400 |    35 ||   663
Block: Buckler           |       |       |    11 |   191 |    10 ||   212

Table legend:
 A = Spawn XP
 B = Non-spawn XP
 C = Spawn XP percentage of total XP
 D = Spawn monster count
 E = Non-spawn monster count
 F = Spawn count percentage of total count
 G = Total turns spent on level
                    A         B        C        D         E        F      G
               +---------+---------+-------+---------+---------+-------+---------
         Total |       0 |   33236 |   0.0 |       0 |     274 |   0.0 | 14122
               +---------+---------+-------+---------+---------+-------+---------
           D:1 |       0 |      21 |   0.0 |       0 |      13 |   0.0 |   661
           D:2 |       0 |      31 |   0.0 |       0 |      15 |   0.0 |   836
           D:3 |       0 |      79 |   0.0 |       0 |      10 |   0.0 |   651
           D:4 |       0 |     356 |   0.0 |       0 |      15 |   0.0 |   640
           D:5 |       0 |     609 |   0.0 |       0 |      13 |   0.0 |   892
           D:6 |       0 |     707 |   0.0 |       0 |      23 |   0.0 |   613
           D:7 |       0 |     308 |   0.0 |       0 |       8 |   0.0 |   787
           D:8 |       0 |    2120 |   0.0 |       0 |      12 |   0.0 |   566
           D:9 |       0 |     172 |   0.0 |       0 |       7 |   0.0 |    42
          D:11 |       0 |    1242 |   0.0 |       0 |      23 |   0.0 |   289
        Lair:1 |       0 |    7392 |   0.0 |       0 |      35 |   0.0 |  2864
        Lair:2 |       0 |    5057 |   0.0 |       0 |      20 |   0.0 |  1209
        Lair:3 |       0 |    4935 |   0.0 |       0 |      26 |   0.0 |  1839
        Lair:4 |       0 |   10207 |   0.0 |       0 |      54 |   0.0 |  1972
               +---------+---------+-------+---------+---------+-------+---------
